 Dungeon Crawl Stone Soup version 0.31-a0-151-ge443d1f16c (webtiles) character file.

Game seed: 1701456125875019090

161 qw the Shooter (level 5, -11/32 HPs)
             Began as a Gargoyle Hunter on June 8, 2023.
             Mangled by an ogre
             ... wielding a +0 giant club
              (30 damage)
             ... on level 4 of the Dungeon.
             The game lasted 00:01:00 (2111 turns).

qw the Shooter (Gargoyle Hunter)                    Turns: 2111, Time: 00:01:00

Health: -11/32     AC:  9    Str: 12 (14) XL:     5   Next: 42%
Magic:  5/5        EV: 10    Int:  8 (10) God:
Gold:   105        SH:  0    Dex: 14 (15) Spells: 4/4 levels left

rFire   . . .        Y - +0 shortbow
rCold   . . .        (shield currently unavailable)
rNeg    + + .        h - +0 ring mail
rPois   inf          (no helmet)
rElec   +            (no cloak)
rCorr   .            (no gloves)
SInv    +            (no boots)
Will    .....        (no amulet)
Stlth   +            f - ring of positive energy
HPRegen 0.25/turn    b - ring of see invisible
MPRegen 0.09/turn

%: no passive effects
@: no status effects
A: sickness immunity, AC +4, negative energy resistance 1, electricity
resistance, torment resistance 1, petrification resistance
a: no special abilities


You were on level 4 of the Dungeon.
You visited 1 branch of the dungeon, and saw 4 of its levels.

You collected 105 gold pieces.


Innate Abilities, Weirdness & Mutations

You are immune to sickness and miasma.
Your stone body is resilient. (AC +4)
You are immune to poison.
You resist negative energy. (rN+)
You are resistant to electric shocks. (rElec)
You are resistant to unholy torment.
You are immune to petrification.


   Skills:
 - Level 3.0 Fighting
 + Level 5.8 Ranged Weapons
 - Level 2.0 Armour
 - Level 1.5 Dodging
 - Level 1.1 Stealth


You had 4 spell levels left.
You didn't know any spells.
Your spell library was empty.

Inventory:

Hand Weapons
 Y - a +0 shortbow (weapon)
Armour
 h - a +0 ring mail (worn)
Jewellery
 b - a ring of see invisible (right hand)
 f - a ring of positive energy (left hand)
 m - a ring of positive energy
Scrolls
 a - a scroll of amnesia {unknown}
 i - a scroll of acquirement {unknown}
 k - 2 scrolls of identify
Potions
 c - a potion of lignification {unknown}
 d - 8 potions of curing
 e - a potion of resistance
 g - a potion of attraction {unknown}
 l - a potion of haste
 o - a potion of ambrosia {unknown}

Dungeon Overview and Level Annotations

Branches:
Dungeon (4/15)
 Temple: D:4-7

Altars:
Cheibriados
Nemelex Xobeh
Trog


Message History

You shoot an arrow.
The arrow hits the orc but does no damage.
The orc closely misses you.
You shoot an arrow. The arrow hits the orc.
The orc is moderately wounded.
The orc hits you but does no damage. x2
The endoplasm jiggles.
You shoot an arrow. The arrow hits the orc.
You kill the orc!
You shoot an arrow. The arrow hits the ogre.
The ogre is moderately wounded.
The ogre hits you with a +0 giant club!!
Ouch! That really hurt!
2104 ||| DRINKING potion of heal wounds.
You feel much better. The ogre barely misses you.
You shoot an arrow. The arrow hits the ogre.
The ogre is moderately wounded.
You shoot an arrow. The arrow hits the ogre!
The ogre is severely wounded.
The ogre hits you but does no damage.
You shoot an arrow.
The arrow hits the ogre but does no damage.
The ogre is severely wounded.
The ogre misses you.
You shoot an arrow. The arrow hits the ogre.
The ogre is severely wounded.
The ogre hits you with a +0 giant club!
You shoot an arrow. The arrow completely misses the ogre.
The arrow hits the goblin.
You kill the goblin!
The ogre completely misses you.
You shoot an arrow. The arrow completely misses the ogre.
The arrow hits the adder.
The adder is almost dead.
You shoot an arrow. The arrow hits the ogre.
The ogre is almost dead.
The ogre hits you with a +0 giant club!!
Ouch! That really hurt!
You die... ##.....## #..:....# #..# #.......# #..## ..$%... #... .Jg.. #..# gSB

#..# ####O####### #).#
#..)@)%..... ######..#
#......[.... ........#
#...........
######..#####.########+#
##.....#..###
#.#####....# #### #.#
#....## ...# #.# #.....#
##.# #.# ##....#


You could see an ogre, an adder, an endoplasm, a giant cockroach, a hobgoblin
and a goblin.

Vanquished Creatures
  A sleepcap (D:3)
  5 adders
  3 dart slugs
  5 orcs (D:4)
  5 endoplasms
  5 giant cockroaches
  7 goblins
  8 hobgoblins
  6 jackals (D:1)
  A quokka (D:1)
  7 ball pythons
  8 bats
  4 frilled lizards
  5 kobolds
  4 rats
74 creatures vanquished.

Notes
Turn   | Place    | Note
-------+----------+-------------------------------------------
     0 | D:1      | qw the Gargoyle Hunter began the quest for the Orb.
     0 | D:1      | Reached XP level 1. HP: 12/12 MP: 1/1
     0 | D:1      | 0 ||| qw: Version: 0.2-a-120-gdf1a93b
     0 | D:1      | 0 ||| qw: Game counter: 3112
     0 | D:1      | 0 ||| qw: Always use a shield: true
     0 | D:1      | 0 ||| qw: God list: Okawaru
     0 | D:1      | 0 ||| qw: Allow faded altars: false
     0 | D:1      | 0 ||| qw: Do Orc after D:15 true
     0 | D:1      | 0 ||| qw: Do second Lair branch before Depths: true
     0 | D:1      | 0 ||| qw: Lair rune preference: random
     0 | D:1      | 0 ||| qw: Plans: Normal
     0 | D:1      | 0 ||| PLANNING D:1-11
    70 | D:1      | Reached XP level 2. HP: 16/17 MP: 2/2
   204 | D:1      | Reached XP level 3. HP: 21/21 MP: 3/3
   239 | D:1      | Reached skill level 5 in Ranged Weapons
   639 | D:1      | 639 ||| UPGRADING to ring of positive energy.
   640 | D:1      | 640 ||| READING scroll labelled FESSETENIA.
   641 | D:1      | 641 ||| READING scroll labelled DOHIANW CIGA.
   642 | D:1      | 642 ||| DRINKING 4 coppery potions.
   643 | D:1      | 643 ||| DROPPING scroll of butterflies.
   704 | D:2      | Reached skill level 3 in Fighting
   793 | D:2      | Reached XP level 4. HP: 28/28 MP: 4/4
   949 | D:2      | Found a faded altar of an unknown god.
  1058 | D:2      | 1058 ||| UPGRADING to +0 ring mail.
  1068 | D:2      | 1068 ||| DROPPING +0 leather armour.
  1069 | D:2      | 1069 ||| UPGRADING to ring of see invisible.
  1070 | D:2      | 1070 ||| READING scroll labelled PIZUCY GADUXZIHY.
  1071 | D:2      | 1071 ||| DRINKING 2 emerald potions.
  1072 | D:2      | 1072 ||| READING 2 scrolls of identify.
  1072 | D:2      | 1072 ||| IDENTIFYING green potion
  1346 | D:3      | Found a sparkling altar of Nemelex Xobeh.
  1347 | D:3      | Found a snail-covered altar of Cheibriados.
  1416 | D:3      | Found a bloodstained altar of Trog.
  1454 | D:3      | Reached XP level 5. HP: 29/32 MP: 5/5
  1665 | D:3      | 1665 ||| FLEEEEING.
  1764 | D:3      | 1764 ||| READING scroll labelled FEHYEKHEUJY.
  1765 | D:3      | 1765 ||| READING scroll labelled VUZUAS QEIR.
  1766 | D:3      | 1766 ||| READING scroll labelled TITWOR BEJALL.
  1767 | D:3      | 1767 ||| DRINKING 2 smoky clear potions.
  1768 | D:3      | 1768 ||| DRINKING 2 glowing dark potions.
  1769 | D:3      | 1769 ||| DROPPING potion of degeneration.
  2080 | D:4      | Noticed an ogre
  2103 | D:4      | HP: 7/32 [ogre/+0 giant club (18)]
  2104 | D:4      | 2104 ||| DRINKING potion of heal wounds.
  2111 | D:4      | Mangled by an ogre

Levels and vault maps discovered:
D:1:      dpeg_arrival_tiny_h, layout_loops_ring
D:2:      layout_rooms, basic_ecumenical_altar
D:3:      layout_basic, mainiacjoe_overflow_divided_tiny, lightli_temple_of_fire
D:4:      minmay_opposing_rooms, layout_loops_ring, kiku_gazebo_pond_becter

Skill      XL: |  1  2  3  4 |
---------------+-------------+-----
Ranged Weapons | 5 |  5.8
Fighting       | 3 |  3.0
Armour         | 2 |  2.0
Dodging        | |  1.5
Stealth        | |  1.1

Action                     |  1- 3 |  4- 6 || total
---------------------------+-------+-------++-------
   Fire: Shortbow          |    96 |   144 ||   240
    Use: Scroll            |     2 |     5 ||     7
         Potion            |     1 |     4 ||     5
 Armour: Leather armour    |    12 |    10 ||    22
         Ring mail         |       |    34 ||    34
  Dodge: Dodged            |    16 |    68 ||    84

Table legend:
 A = Non-vault XP
 B = Vault XP
 C = Vault XP percentage of total XP
 D = Non-vault monster count
 E = Vault monster count
 F = Vault count percentage of total count
                 A         B        C        D         E       F
            +---------+---------+-------+---------+---------+-------
      Total |     226 |       4 |   1.7 |      71 |       3 |   4.1
            +---------+---------+-------+---------+---------+-------
        D:1 |      59 |       0 |   0.0 |      33 |       0 |   0.0
        D:2 |      41 |       0 |   0.0 |      16 |       0 |   0.0
        D:3 |      75 |       0 |   0.0 |      10 |       0 |   0.0
        D:4 |      51 |       4 |   7.3 |      12 |       3 |  20.0
            +---------+---------+-------+---------+---------+-------
